 Dungeon Crawl Stone Soup version 0.23.0 (webtiles) character file.

Game seed: 656100117990924690

88 Borgoz the Chopper (level 4, 0/28 HPs)
             Began as a Gargoyle Gladiator on Feb 9, 2019.
             Slain by a worker ant (5 damage)
             ... on level 3 of the Dungeon.
             The game lasted 00:02:01 (1563 turns).

Borgoz the Chopper (Gargoyle Gladiator)             Turns: 1563, Time: 00:02:01

Health: 0/28       AC:  7    Str: 18    XL:     4   Next: 54%
Magic:  4/4        EV: 12    Int:  8    God:
Gold:   91         SH:  0    Dex: 12    Spells: 3/3 levels left

rFire    . . .     SeeInvis .   a - +0 war axe
rCold    . . .     Gourm    .   (no shield)
rNeg     + . .     Faith    .   b - +0 leather armour
rPois    ∞         Spirit   .   c - +0 helmet
rElec    +         Reflect  .   (no cloak)
rCorr    .         Harm     .   (no gloves)
MR       .....                  (no boots)
Stlth    +.........             (no amulet)
HPRegen  0.09/turn              (no ring)
MPRegen  0.09/turn              (no ring)

@: no status effects
A: negative energy resistance 1, electricity resistance, unbreathing,
petrification resistance, rot immunity, AC +3
a: no special abilities


You were on level 3 of the Dungeon.
You were not hungry.

You visited 1 branch of the dungeon, and saw 3 of its levels.

You collected 91 gold pieces.

Inventory:

Hand Weapons
 a - a +0 war axe (weapon)
Missiles
 d - 3 throwing nets (quivered)
Armour
 b - a +0 leather armour (worn)
 c - a +0 helmet (worn)
Jewellery
 q - a +2 ring of intelligence
Scrolls
 e - a scroll of teleportation {unknown}
 l - 3 scrolls of remove curse {unknown}
 m - a scroll of random uselessness {unknown}
 p - a scroll of identify {unknown}
 r - a scroll of enchant armour {unknown}
 s - a scroll of amnesia {unknown}
Potions
 g - 3 potions of curing {unknown}
 h - a potion of haste {unknown}
 i - a potion of ambrosia {unknown}
 j - a potion of lignification {unknown}
 k - a potion of agility {unknown}
 n - a potion of degeneration {unknown}
Comestibles
 f - 4 rations


   Skills:
 + Level 3.1 Fighting
 + Level 3.3 Axes
 - Level 1.7 Throwing
 + Level 1.9 Armour
 + Level 3.0 Dodging


You had 3 spell levels left.
You didn't know any spells.
Your spell library was empty.

Dungeon Overview and Level Annotations

Branches:
Dungeon (3/15)

Altars:
Cheibriados
Qazlal
Uskayaw


Innate Abilities, Weirdness & Mutations

You are resistant to torment.
Your stone body is resilient. (AC +3)
You are immune to poison.
You resist negative energy. (rN+)
You are resistant to electric shocks. (rElec)
You can survive without breathing.
You are immune to petrification.
You are immune to rotting.


Message History

The gnoll shouts!
A gnoll comes into view. It is wielding a +0 halberd.
The gnoll shouts!
The worker ant waves its antennae.
You closely miss the worker ant.
The gnoll throws a throwing net.
The throwing net closely misses you. The worker ant bites you.
The gnoll throws a throwing net.
The throwing net closely misses you. The gnoll closely misses you.
The worker ant bites you.
You hit the worker ant but do no damage.
The worker ant bites you but does no damage.
The gnoll misses you.
You slash the worker ant!
The worker ant is severely wounded.
The worker ant bites you.
The gnoll hits you from afar with a +0 halberd!
* * * LOW HITPOINT WARNING * * *
The gnoll hits you but does no damage. The worker ant bites you.
* * * LOW HITPOINT WARNING * * *
The worker ant bites you.
You die...

.....§§§≈§§...#
#...≈§§§§....#
#.....≈≈.....#
#.....≈......#
#.....#...##.#######
#................... #
#.....##............
.##..#..######.##.######
....g.g(@.(....##.#
.#.#.#.a######.##.#
...g.....<......#
#.###..######.#### #
#..# #.# #..# #.# #..#
#.# #... ..# ###


You could see a worker ant and 3 gnolls.

Vanquished Creatures
  A gnoll (D:1)
  2 adders (D:2)
  3 worms (D:2)
  2 dart slugs (D:2)
  3 leopard geckos
  A giant cockroach (D:2)
  5 goblins
  5 hobgoblins
  4 jackals (D:2)
  A quokka (D:2)
  5 bats
  7 kobolds
  7 rats
46 creatures vanquished.

Notes
Turn   | Place    | Note
-------+----------+-------------------------------------------
     0 | D:1      | Borgoz the Gargoyle Gladiator began the quest for the Orb.
     0 | D:1      | Reached XP level 1. HP: 12/12 MP: 1/1
   192 | D:1      | Reached XP level 2. HP: 17/18 MP: 2/2
   206 | D:1      | Reached skill level 1 in Armour
   446 | D:2      | Reached XP level 3. HP: 16/22 MP: 3/3
   868 | D:2      | Found a snail-covered altar of Cheibriados.
   881 | D:2      | Reached XP level 4. HP: 26/27 MP: 4/4
   895 | D:2      | Found a hide-covered altar of Uskayaw.
  1551 | D:3      | Found a stormy altar of Qazlal.
  1563 | D:3      | Slain by a worker ant

Skill      XL: |  1  2  3  4 |
---------------+-------------+-----
Armour         | 1 |  1.9
Axes           | 3 |  3.3
Fighting       | 3 |  3.1
Dodging        | 3 |  3.0
Throwing       | |  1.7

Action                   |  1- 3 |  4- 6 || total
-------------------------+-------+-------++-------
Melee: War axe           |    82 |    50 ||   132
  Eat: Chunk             |       |     2 ||     2
Armor: Leather armour    |    39 |    16 ||    55
Dodge: Dodged            |    64 |    33 ||    97
